 Dungeon Crawl Stone Soup version 0.30.1-11-g7821555f0a (webtiles) character file.

Game seed: 17055503820093698537

56 Martska the Ducker (level 4, 0/35 HPs)
             Began as a Human Monk on Dec 4, 2023.
             Slain by Terence
             ... wielding a +0 mace
              (11 damage)
             ... on level 2 of the Dungeon.
             The game lasted 00:01:43 (1038 turns).

Martska the Ducker (Human Monk)                     Turns: 1038, Time: 00:01:43

Health: 0/35       AC:  2    Str: 14    XL:     4   Next: 17%
Magic:  4/4        EV: 13    Int: 10    God:
Gold:   91         SH:  0    Dex: 15    Spells: 3/3 levels left

rFire   . .          .
                       - Unarmed
rCold   . . .        (no shield)
rNeg    . . .        a - +0 robe
rPois   .            (no helmet)
rElec   .            (no cloak)
rCorr   .            (no gloves)
SInv    .            (no boots)
Will    .....        (no amulet)
Stlth   ++           (no ring)
HPRegen 0.25/turn    (no ring)
MPRegen 0.09/turn

%: no passive effects
@: mighty
A: no striking features
a: no special abilities


You were on level 2 of the Dungeon.
You visited 1 branch of the dungeon, and saw 2 of its levels.

You collected 91 gold pieces.

Inventory:

Armour
 a - a +0 robe (worn)
 c - an orb of light
Jewellery
 d - a ring of positive energy
Scrolls
 e - a scroll of poison {unknown}
 f - a scroll of noise {unknown}
 g - a scroll of vulnerability {unknown}
 l - a scroll of identify {unknown}
Potions
 b - a potion of resistance
 i - a potion of degeneration {unknown}
 k - a potion of brilliance {unknown}


   Skills:
 * Level 3.5 Fighting
 * Level 3.5 Dodging
 + Level 1.1 Stealth
 * Level 3.5 Unarmed Combat


You had 3 spell levels left.
You didn't know any spells.
Your spell library contained the following spells:

 Spells                   Type           Power      Damage    Failure   Level
 Cigotuvi's Dreadful Rot  Necr/Pois/Air  0%         N/A       50%         2
 Ignite Poison            Fire/Tmut/Pois 0%         N/A       75%         3
 Freezing Cloud           Conj/Ice/Air   0%         6-21      100%        5


Dungeon Overview and Level Annotations

Branches:
Dungeon (2/15)

Altars:

Shops:
D:2 (

Annotations:
D:2 Terence


Message History

No target in view!
No target in view!
No target in view!
No target in view!
No target in view!
No target in view!
You see here a +0 plate armour.
You open the door.
Terence and a worm come into view.
Terence shouts!
Found a scroll labelled XOETHY WUCS.
There are monsters nearby!
There are monsters nearby!
There are monsters nearby!
Terence hits you with a +0 mace.
There is an open door here.
You closely miss Terence. Terence hits you with a +0 mace.
You hit Terence but do no damage. Terence hits you with a +0 mace!
You closely miss Terence. Terence misses you.
You hit Terence but do no damage. Terence hits you with a +0 mace!
You are too injured to fight recklessly!
You are too injured to fight recklessly!
Terence attacks as you move away! Terence barely misses you.
Level annotation: Terence Welcome back, Martska the Human Monk.
Press ? for a list of commands and other information.
You feel very mighty all of a sudden. Terence hits you with a +0 mace.
You closely miss Terence. Terence misses you.
You hit Terence.
Terence is moderately wounded.
Terence hits you with a +0 mace.
* * * LOW HITPOINT WARNING * * *
You hit Terence.
Terence is moderately wounded.
Terence misses you.
You hit Terence but do no damage.
Terence is moderately wounded.
Terence hits you with a +0 mace!
You die...

#.....#......##
#..#.#.#.#....#
##..#..#..#(#[## #####
#...##...##.#.## #....
###..##.##...... ###....
#............# .......
#.##.#....#.##
.......######.#..#..#...#
.......w@@.....<>#..#..###
.......######..†....#.....
....... #....)....).......
..?..## ####...∩....#.....
##### ####..............
#............†...#
#.#.#.........#..#
#...#(.....#.....#
#####......#.##...


You could see Terence and a worm.

Vanquished Creatures
  2 adders
  A dart slug (D:1)
  3 ball pythons
  A bat (D:1)
  3 endoplasms (D:1)
  2 giant cockroaches (D:1)
  4 goblins (D:1)
  5 hobgoblins (D:1)
  4 kobolds
  3 quokkas
  3 frilled lizards
  2 rats (D:1)
33 creatures vanquished.

Notes
Turn   | Place    | Note
-------+----------+-------------------------------------------
     0 | D:1      | Martska the Human Monk began the quest for the Orb.
     0 | D:1      | Reached XP level 1. HP: 18/18 MP: 1/1
   114 | D:1      | Reached XP level 2. HP: 24/24 MP: 2/2
   148 | D:1      | Found a faded altar of an unknown god.
   290 | D:1      | Reached XP level 3. HP: 29/29 MP: 3/3
   660 | D:1      | Reached skill level 1 in Stealth
   867 | D:2      | Found Masum's Antique Weapon Boutique.
   930 | D:2      | Reached XP level 4. HP: 35/35 MP: 4/4
  1026 | D:2      | Noticed Terence
  1038 | D:2      | Slain by Terence

Illustrated notes

Levels and vault maps discovered:
D:1:      minmay_arrival_arboretum_small, layout_basic, serial_corexii_hall,
          corexii_hall_statues_i, chequers_hall_statues_y,
          chequers_hall_statues_wall_a, corexii_hall_statues_u,
          basic_ecumenical_altar, palyth_stone_intersect, minmay_split_cup_large
D:2:      layout_basic, serial_shops, shop, shop, shop, minmay_box_of_dots,
          uniq_terence

Skill      XL: |  1  2  3 |
---------------+----------+-----
Stealth        | 1 |  1.1
Fighting       | |  3.5
Dodging        | |  3.5
Unarmed Combat | |  3.5

Action                     |  1- 3 |  4- 6 || total
---------------------------+-------+-------++-------
  Melee: Unarmed           |   100 |    10 ||   110
    Use: Potion            |     4 |     1 ||     5
   Stab: Sleeping          |     1 |       ||     1
 Armour: Robe              |    21 |       ||    21
  Dodge: Dodged            |    79 |     4 ||    83
